 Dungeon Crawl Stone Soup version 0.20.1-1-g8b1a95d (webtiles) character file.

9514 geeseburger the Fencer (level 11, -10/60 HPs)
             Began as a Tengu Abyssal Knight on Oct 25, 2017.
             Was an Elder of Lugonu.
             Mangled by an ogre
             ... wielding a +0 giant club
              (21 damage)
             ... on level 8 of the Dungeon.
             The game lasted 00:35:06 (11826 turns).

geeseburger the Fencer (Tengu Abyssal Knight)      Turns: 11826, Time: 00:35:07

Health: -10/60     AC: 13    Str: 18    XL:     11   Next: 47%
Magic:  13/13      EV:  7    Int: 12    God:    Lugonu [****..]
Gold:   254        SH:  4    Dex: 14    Spells: 10/10 levels left

rFire    . . .     SeeInvis .   t - +5 great sword
rCold    + . .     Gourm    .   (shield currently unavailable)
rNeg     . . .     Faith    .   x - +0 plate armour
rPois    +         Spirit   .   (helmet restricted)
rElec    .         Reflect  .   A - +0 cloak
rCorr    .         Harm     .   w - +0 pair of gloves
MR       .....     Rnd*Rage +   (boots unavailable)
Stlth    ..........             (no amulet)
Regen    0.2/turn               p - ring of poison resistance
MPRegen  0.2/turn               b - ring of protection from cold

@: berserk cooldown, slowed, very slow
A: beak, talons 3, large bone plates 1, berserk 1, deformed body, strong 1, able
to fly 1
a: Fly, Depart the Abyss, Bend Space, Banish, Corrupt, Renounce Religion


You were on level 8 of the Dungeon.
You worshipped Lugonu.
Lugonu was greatly pleased with you.
You were not hungry.

You visited 1 branch of the dungeon, and saw 9 of its levels.
You visited the Abyss 1 time.
You also visited: Sewer.

You collected 449 gold pieces.
You spent 195 gold pieces at shops.

Inventory:

Hand Weapons
 e - a +3 falchion
 t - a +5 great sword (weapon)
Armour
 w - a +0 pair of gloves (worn)
 x - a +0 plate armour (worn)
 A - a +0 cloak (worn)
Jewellery
 b - a ring of protection from cold (right hand)
 p - a ring of poison resistance (left hand)
 q - an uncursed ring of stealth
Wands
 n - a wand of iceblast (2/15)
Scrolls
 a - a scroll of blinking
 h - 3 scrolls of magic mapping
 k - a scroll of amnesia
 l - 2 scrolls of recharging
 o - 5 scrolls of teleportation
 v - a scroll of remove curse
Potions
 d - 2 potions of berserk rage
 f - a potion of ambrosia {unknown}
 g - a potion of lignification
 j - 2 potions of cancellation
 m - 3 potions of agility
 r - a potion of resistance {unknown}
 u - a potion of might
Books
 y - a book of Frost

   Spells                             Type                      Level
   a - Freeze                         Ice                          1
   b - Throw Frost                    Conjuration/Ice              2
   c - Ozocubu's Armour               Charms/Ice                   3
   d - Throw Icicle                   Conjuration/Ice              4
   e - Summon Ice Beast               Ice/Summoning                4
Comestibles
 c - a bread ration
 i - 3 meat rations


   Skills:
 - Level 3.0 Fighting
 * Level 15.0 Long Blades
 + Level 11.3 Armour
 - Level 1.1 Dodging
 - Level 1.5 Invocations


You had 10 spell levels left.
You didn't know any spells.

Dungeon Overview and Level Annotations

Branches:
Dungeon (9/15)             Temple (0/1) D:6
   Lair: D:8-11         Orc: D:9-12

Altars:

Shops:
D:8 %


Innate Abilities, Weirdness & Mutations

You have a beak for a mouth.
You have claws for feet.
You can fly.
You are partially covered in large bone plates. (SH +4)
You tend to lose your temper in combat.
Armour fits poorly on your strangely shaped body.
Your muscles are strong. (Str +2)


Message History

You start resting.
An ogre comes into view. It is wielding a giant club.
The ogre shouts!
The ogre hits you with a giant club!!
You hit the ogre. You claw the ogre, but do no damage.
The ogre is lightly wounded.
The ogre hits you with a giant club.
You hit the ogre. Your kick misses the ogre.
You peck the ogre, but do no damage.
The ogre is moderately wounded.
The ogre hits you with a giant club!
* * * LOW HITPOINT WARNING * * *
You slash the ogre! Your kick misses the ogre. Your peck misses the ogre.
The ogre is severely wounded.
The ogre hits you with a giant club.
* * * LOW HITPOINT WARNING * * *
You barely miss the ogre. Your kick misses the ogre. You peck the ogre.
The ogre is almost dead.
The ogre hits you with a giant club!!
You die...

♣..♣♣ #.#.# ♣♣♣.♣
#.#.# ♣)♣ #.#.#
♣♣♣ ♣.♣♣ #.#.# ♣.♣
♣♣.♣ #...# ..♣♣♣
♣.♣ #.#.# ♣...♣♣
♣.♣♣ #.### ♣....♣
♣♣.♣♣ #O# .....♣
♣..♣ #@# ♣....♣
♣♣>♣ #.# .♣..♣♣
♣♣♣ #.# ♣♣♣♣♣ #†#
##.#
###############..#
................##
#################


You could see an ogre.

Vanquished Creatures
  A centaur warrior (D:8)
  Erica (D:8)
  The ghost of panicbit the Cleaver, a novice MiFi of Okawaru (D:7)
  Pikel (D:7)
  A manticore (D:8)
  Maurice (D:8)
  2 centaur skeletons
  A troll (D:9)
  2 hippogriffs (D:8)
  A yak (D:8)
  8 spriggans (D:8)
  A steam dragon (D:8)
  Grum (D:8)
  A water moccasin (D:8)
  An orc warrior (D:7)
  A black bear (D:6)
  A sky beast (D:8)
  A slave (D:7)
  4 ogres
  4 centaurs
  4 wolves (D:8)
  2 crocodiles
  A big kobold (D:8)
  3 bullfrogs
  A water moccasin zombie (D:6)
  6 scorpions
  3 killer bees (D:8)
  8 wights
  4 howler monkeys
  9 crimson imps
  3 jellies
  6 orc priests
  5 hounds
  2 orc wizards
  3 iguanas
  2 worker ants
  2 hound skeletons
  4 gnolls (D:5)
  A howler monkey skeleton (D:8)
  11 adders
  3 river rats (D:5)
  A shadow imp (D:8)
  2 adder skeletons
  3 worms
  A dart slug (D:2)
  6 leopard geckos
  17 orcs
  A ball python (D:2)
  3 giant cockroaches
  8 goblins
  2 hobgoblins
  6 jackals
  9 kobolds
  4 quokkas
  2 bats
  9 frilled lizards
  A giant cockroach zombie (D:6)
  2 leopard gecko zombies
  A quokka zombie (D:7)
  8 rats
204 creatures vanquished.

Vanquished Creatures (others)
  A hound (D:7)
1 creature vanquished.

Grand Total: 205 creatures vanquished

Notes
Turn   | Place    | Note
-------+----------+-------------------------------------------
     0 | Abyss:1  | geeseburger the Tengu Abyssal Knight began the quest for the Orb.
     0 | Abyss:1  | Reached XP level 1. HP: 14/14 MP: 3/3
     0 | Abyss:1  | Found a corrupted altar of Lugonu.
   102 | Abyss:1  | Found a sparkling altar of Nemelex Xobeh.
   103 | Abyss:1  | Noticed a wretched star
   146 | D:1      | Escaped the Abyss
   685 | D:1      | Reached XP level 2. HP: 15/19 MP: 4/4
   747 | D:1      | Reached * piety under Lugonu
   748 | D:1      | Reached skill level 3 in Long Blades
  1052 | D:2      | Reached XP level 3. HP: 23/23 MP: 5/5
  1729 | D:2      | Reached skill level 4 in Long Blades
  1729 | D:2      | Reached XP level 4. HP: 27/28 MP: 6/6
  2516 | D:3      | Gained mutation: You can fly. [Tengu growth]
  2516 | D:3      | Reached XP level 5. HP: 9/32 MP: 7/7
  2529 | D:3      | Reached skill level 5 in Long Blades
  2884 | D:3      | Reached ** piety under Lugonu
  3467 | D:4      | Reached XP level 6. HP: 30/37 MP: 8/8
  3730 | D:4      | Reached skill level 6 in Long Blades
  3793 | D:4      | Gained mutation: Your muscles are strong. (Str +2) [potion of mutation]
  3793 | D:4      | Gained mutation: You tend to lose your temper in combat. [potion of mutation]
  3793 | D:4      | Gained mutation: Armour fits poorly on your strangely shaped body. [potion of mutation]
  3793 | D:4      | Gained mutation: You are partially covered in large bone plates. (SH +4) [potion of mutation]
  4253 | D:4      | Reached skill level 5 in Armour
  4366 | D:4      | Reached XP level 7. HP: 33/41 MP: 9/9
  4620 | D:5      | Entered Level 5 of the Dungeon
  4782 | D:5      | Reached skill level 7 in Long Blades
  5004 | D:5      | Found a glowing drain.
  5056 | D:5      | Reached skill level 8 in Long Blades
  5056 | D:5      | Reached XP level 8. HP: 13/46 MP: 8/10
  5267 | Sewer    | Entered a sewer
  5960 | D:6      | Reached *** piety under Lugonu
  6311 | D:6      | Got a translucent leather armour
  6324 | D:6      | Identified the +3 leather armour of Watchfulness {rC- Str+4} (You found it on level 6 of the Dungeon)
  6349 | D:6      | Reached skill level 9 in Long Blades
  6658 | D:6      | Found a staircase to the Ecumenical Temple.
  7048 | D:7      | Noticed panicbit's ghost (novice MiFi)
  7144 | D:7      | Killed panicbit's ghost
  7144 | D:7      | Reached skill level 10 in Long Blades
  7144 | D:7      | Reached XP level 9. HP: 41/50 MP: 11/11
  7152 | D:7      | Noticed Pikel
  7162 | D:7      | Killed Pikel
  7162 | D:7      | Reached skill level 11 in Long Blades
  8339 | D:8      | Reached skill level 12 in Long Blades
  8420 | D:8      | Reached XP level 10. HP: 56/56 MP: 12/12
  8877 | D:8      | Noticed Grum
  8889 | D:8      | Noticed Maurice
  8893 | D:8      | Reached skill level 13 in Long Blades
  9024 | D:8      | Reached **** piety under Lugonu
  9025 | D:8      | Noticed a centaur warrior
  9035 | D:8      | Killed a centaur warrior
  9035 | D:8      | Reached skill level 10 in Armour
  9823 | D:8      | Noticed Erica
  9829 | D:8      | Killed Erica
  9829 | D:8      | Reached skill level 14 in Long Blades
  9851 | D:8      | Reached XP level 11. HP: 26/60 MP: 13/13
 10428 | D:8      | Killed Maurice
 10682 | D:8      | Noticed a manticore
 10698 | D:8      | Killed a manticore
 10945 | D:8      | Found Olaekk's Food Shop.
 11513 | D:8      | Killed Grum
 11660 | D:8      | Bought a meat ration for 65 gold pieces
 11660 | D:8      | Bought a meat ration for 65 gold pieces
 11660 | D:8      | Bought a meat ration for 65 gold pieces
 11799 | D:9      | Reached skill level 15 in Long Blades
 11826 | D:8      | Mangled by an ogre

Skill      XL: |  1  2  3  4  5  6  7  8  9 10 11 |
---------------+----------------------------------+-----
Long Blades    | 3 4 5 6 8 10 12 14 15 | 15.0
Armour         | 3 4 5 6 8 9 10 11 | 11.3
Fighting       | |  3.0
Dodging        | |  1.1
Invocations    | |  1.5

Action                   |  1- 3 |  4- 6 |  7- 9 | 10-12 || total
-------------------------+-------+-------+-------+-------++-------
Melee: Falchion          |    56 |   141 |   102 |       ||   299
       Kick              |     7 |    35 |    64 |    53 ||   159
       Peck              |     5 |    25 |    33 |    38 ||   101
       Great sword       |       |       |    88 |   210 ||   298
Invok: Depart the Abyss  |     1 |       |       |       ||     1
       Bend Space        |       |       |     1 |       ||     1
  Use: Scroll            |     7 |     5 |     8 |       ||    20
       Potion            |     1 |     3 |     4 |     5 ||    13
 Stab: Sleeping          |       |       |     1 |       ||     1
  Eat: Royal jelly       |     1 |       |     1 |       ||     2
       Meat ration       |       |     2 |       |       ||     2
       Bread ration      |       |       |     3 |     2 ||     5
       Fruit             |       |       |     2 |       ||     2
Armor: Leather armour    |    19 |    10 |    15 |       ||    44
       Scale mail        |       |    29 |    12 |       ||    41
       Skin              |       |       |    36 |     5 ||    41
       Plate armour      |       |       |    10 |   111 ||   121
Dodge: Dodged            |    60 |    45 |    67 |    52 ||   224
Block: Other             |       |     3 |    30 |    38 ||    71
       Rpst.: Falchion   |    15 |    15 |    13 |       ||    43
       Great sword       |       |       |     7 |    12 ||    19
